 Dungeon Crawl Stone Soup version 0.27-a0-577-ge2a43ba0c9 (webtiles) character file.

Game seed: 15850549963307843823

97 tibo the Ruffian (level 4, -12/40 HPs)
             Began as a Ghoul Monk on Mar 9, 2021.
             Mangled by an ogre
             ... wielding a +0 giant spiked club
              (14 damage)
             ... on level 4 of the Dungeon.
             The game lasted 00:16:59 (3235 turns).

tibo the Ruffian (Ghoul Monk)                       Turns: 3235, Time: 00:17:00

Health: -12/40     AC:  3    Str: 14    XL:     4   Next: 68%
Magic:  3/3        EV: 13    Int:  5    God:
Gold:   146        SH:  0    Dex: 12    Spells: 3/3 levels left

rFire    . . .     SeeInvis .     - Unarmed
rCold    + . .     Faith    .   (no shield)
rNeg     + + +     Spirit   .   a - +0 robe
rPois    ∞         Reflect  .   (no helmet)
rElec    .         Harm     .   b - +0 cloak
rCorr    .         Rampage  .   (no gloves)
Will     .....                  (no boots)
Stlth    ++........             (no amulet)
HPRegen  0.00/turn              (no ring)
MPRegen  0.08/turn              (no ring)

@: no status effects
A: claws 1, cold resistance 1, negative energy resistance 3, inhibited
regeneration, torment resistance 2, unbreathing 1
a: no special abilities


You were on level 4 of the Dungeon.
You visited 1 branch of the dungeon, and saw 4 of its levels.

You collected 146 gold pieces.

Inventory:

Armour
 a - a +0 robe (worn)
 b - a +0 cloak (worn)
 j - a +0 leather armour
 k - a +0 ring mail
 l - a +0 hat
Scrolls
 d - 3 scrolls of identify {unknown}
 e - 5 scrolls of teleportation {unknown}
 f - a scroll of magic mapping {unknown}
 g - 3 scrolls of blinking {unknown}
 h - 2 scrolls of fog {unknown}
 i - a scroll of amnesia {unknown}
 m - 3 scrolls of noise {unknown}
Potions
 c - a potion of attraction


   Skills:
 + Level 3.8 Fighting
 + Level 3.5 Dodging
 - Level 2.6 Stealth
 + Level 4.5 Unarmed Combat


You had 3 spell levels left.
You didn't know any spells.
Your spell library was empty.

Dungeon Overview and Level Annotations

Branches:
Dungeon (4/15)
 Temple: D:4-7

Altars:


Innate Abilities, Weirdness & Mutations

You thrive by killing the living.
You are immune to poison.
You have sharp fingernails.
Your flesh is cold resistant. (rC+)
You are immune to negative energy. (rN+++)
You do not regenerate when monsters are visible.
You are immune to unholy pain and torment.
You can survive without breathing.


Message History

h - 2 scrolls labelled NAUSOY MYMI (gained 1)
An ogre comes into view.
It is wielding a +0 giant spiked club. 2 jackals come into view.
The jackal barks!
The ogre shouts!
You hear a bark!
A jackal comes into view.
The ogre hits you with a +0 giant spiked club!!
You scratch the ogre.
The ogre is lightly wounded.
The jackal closely misses you.
The ogre hits you with a +0 giant spiked club!
You are too injured to fight recklessly!
The jackal barely misses you.
You claw the jackal!
You kill the jackal!
Sorry, you're not good enough to have a special ability.
The ogre closely misses you. The jackal closely misses you.
The ogre hits you with a +0 giant spiked club!
* * * LOW HITPOINT WARNING * * *
The jackal barely misses you.
You claw the jackal!
You kill the jackal!
You feel better. The jackal bites you.
* * * LOW HITPOINT WARNING * * *
The jackal barely misses you.
The jackal bites you but does no damage.
The jackal barely misses you. The jackal barely misses you.
The jackal closely misses you. The ogre barely misses you.
The jackal bites you.
* * * LOW HITPOINT WARNING * * *
The jackal bites you.
* * * LOW HITPOINT WARNING * * *
The ogre misses you. The jackal closely misses you. The jackal bites you.
* * * LOW HITPOINT WARNING * * *
The jackal closely misses you.
The ogre hits you with a +0 giant spiked club!
You die...

..........#+#
.........#.#
#........#.#
#........#.#
#........#.#
#........#.#
#........#.#
#..@.....#.#
####...Oh...#.#########
.......................
........................
#####........#.#######..
..........#.#.....#.#
###...####.#.#.......#
#...# #.#.#........ #...
#.#.#......##


You could see an ogre and a jackal.

Vanquished Creatures
  2 adders
  An ooze (D:2)
  A worm (D:2)
  A dart slug (D:1)
  3 leopard geckos
  9 bats
  4 giant cockroaches
  8 goblins
  11 hobgoblins
  6 jackals
  5 frilled lizards
  7 kobolds
  6 rats
64 creatures vanquished.

Notes
Turn   | Place    | Note
-------+----------+-------------------------------------------
     0 | D:1      | tibo the Ghoul Monk began the quest for the Orb.
     0 | D:1      | Reached XP level 1. HP: 19/19 MP: 0/0
   215 | D:1      | Reached XP level 2. HP: 26/26 MP: 1/1
   488 | D:1      | Reached XP level 3. HP: 29/33 MP: 2/2
  1172 | D:2      | Reached skill level 4 in Unarmed Combat
  1632 | D:2      | Reached XP level 4. HP: 40/40 MP: 3/3
  3207 | D:4      | Noticed an ogre
  3234 | D:4      | HP: 2/40 [jackal (1)]
  3235 | D:4      | Mangled by an ogre

Illustrated notes

Levels and vault maps discovered:
D:1:      matt_arrival_refuge, layout_basic
D:2:      layout_basic, minmay_pentomino_x4
D:3:      layout_basic, serial_rivers, chequers_serial_rivers_room_b,
          chequers_serial_rivers_micro_e, chequers_serial_rivers_small_b,
          chequers_serial_rivers_large_b, chequers_serial_rivers_room_a,
          minivault_19
D:4:      layout_basic

Skill      XL: |  1  2  3 |
---------------+----------+-----
Dodging        | 3 |  3.5
Unarmed Combat | 4 |  4.5
Fighting       | |  3.8
Stealth        | |  2.6

Action                   |  1- 3 |  4- 6 || total
-------------------------+-------+-------++-------
Melee: Unarmed           |   147 |    36 ||   183
       Punch             |     1 |     1 ||     2
  Use: Potion            |       |     1 ||     1
 Stab: Sleeping          |     1 |     3 ||     4
Armor: Robe              |    43 |     3 ||    46
Dodge: Dodged            |    98 |    30 ||   128

Table legend: (Time is in decaauts)
 A = Elapsed time spent in this place.
 B = Non-inter-level travel time spent in this place.
 C = Inter-level travel time spent in this place.
 D = Time resting spent in this place.
 E = Time spent auto-exploring this place.
 F = Levels seen in this place.
 G = Mean time per level.
                   A        B        C        D        E       F      G
               +--------+--------+--------+--------+--------+-----+--------+
         Total |   3255 |   3176 |     79 |      0 |   2348 |   4 |  813.8 |
       Dungeon |   3255 |   3176 |     79 |      0 |   2348 |   4 |  813.8 |
               +--------+--------+--------+--------+--------+-----+--------+

Top non-repeatable levels by time:
     D:3: 1154 daAuts
     D:2: 1041 daAuts
     D:1: 992 daAuts
     D:4: 67 daAuts
